 Dungeon Crawl Stone Soup version 0.21-a0-368-g45f8505 (webtiles) character file.

134395 FollowTheCloud the Warrior (level 17, -7/114 HPs)
             Began as a Gargoyle Fighter on Oct 13, 2017.
             Was an Elder of Nemelex Xobeh.
             Mangled by a guardian serpent (13 damage)
             ... on level 4 of the Snake Pit on Oct 14, 2017.
             The game lasted 02:00:02 (35561 turns).

FollowTheCloud the Warrior (Gargoyle Fighter)      Turns: 35561, Time: 02:00:03

Health: -7/114     AC: 29    Str: 29    XL:     17   Next: 17%
Magic:  18/24      EV:  5    Int: 12    God:    Nemelex Xobeh [****..]
Gold:   1479       SH: 21    Dex: 15    Spells: 16/16 levels left

rFire    + + .     SeeInvis .   w - +4 morningstar (freeze)
rCold    . . .     Gourm    +   E - +0 large shield
rNeg     + . .     Faith    .   N - +6 ring mail of Indecent Exposure {*Corrode rElec Regen+}
rPois    ∞         Spirit   .   (no helmet)
rElec    +         Reflect  .   X - scarf {repulsion}
rCorr    .         Harm     .   r - +1 pair of gloves "Saalediy" {rF++ Dex+4}
MR       +....                  (no boots)
Stlth    +.........             j - amulet of the gourmand
HPRegen  0.69/turn              R - +3 ring of strength
MPRegen  0.19/turn              A - ring of the Ego {rPois Int+2 Dex+2}

@: constricted, drained, repel missiles
A: big wings, negative energy resistance 1, electricity resistance, unbreathing,
petrification resistance, rot immunity, AC +12
a: Fly, Triple Draw, Deal Four, Renounce Religion


You were on level 4 of the Snake Pit.
You worshipped Nemelex Xobeh.
Nemelex Xobeh was greatly pleased with you.
You were very hungry.

You visited 4 branches of the dungeon, and saw 27 of its levels.
You also visited: Ice Cave.

You collected 2259 gold pieces.
You spent 780 gold pieces at shops.

Inventory:

Hand Weapons
 w - a +4 morningstar of freezing (weapon)
Armour
 k - a +4 plate armour of cold resistance
 r - the +1 pair of gloves "Saalediy" (worn) {rF++ Dex+4}
   (You found it in an ice cave)

   It affects your dexterity (+4).
   It greatly protects you from fire.
 E - a +0 large shield (worn)
 N - the +6 ring mail of Indecent Exposure (worn) {*Corrode rElec Regen+}
   (You found it on level 2 of the Snake Pit)

   It insulates you from electricity.
   It increases your rate of regeneration.
   It may corrode you when you take damage.
 X - a scarf of repulsion (worn)
Jewellery
 j - an amulet of the gourmand (around neck)
 A - the ring of the Ego (right hand) {rPois Int+2 Dex+2}
   (You found it on level 10 of the Dungeon)

   [ring of poison resistance]

   It affects your intelligence (+2).
   It affects your dexterity (+2).
   It protects you from poison.
 G - an uncursed ring of resist corrosion
 R - a +3 ring of strength (left hand)
Wands
 e - a wand of digging (9/24)
 m - a wand of confusion (28/48)
 o - a wand of lightning (10/15)
 D - a wand of acid (4/15)
 I - a wand of confusion (21/48)
 J - a wand of lightning (12/15)
 M - a wand of paralysis (12/24)
 T - a wand of digging (16/24)
Scrolls
 a - 10 scrolls of recharging
 g - 8 scrolls of remove curse
 n - 5 scrolls of teleportation
 t - 3 scrolls of enchant weapon
 y - 2 scrolls of silence
 z - a scroll of magic mapping
 H - a scroll of fear
 L - 2 scrolls of identify
 O - a scroll of summoning
 P - 4 scrolls of fog
 W - a scroll of enchant armour
Potions
 b - a potion of experience {unknown}
 c - a potion of invisibility {unknown}
 d - a potion of haste
 l - 9 potions of curing
 p - 2 potions of flight
 s - a potion of berserk rage {unknown}
 v - 3 potions of agility
 B - a potion of brilliance
 K - a potion of might
Miscellaneous
 h - an ornate deck of destruction {drawn: 3}
 u - a plain deck of destruction
 x - a plain deck of destruction
 C - a plain deck of summoning
 U - a plain deck of destruction {drawn: 1}
 V - a plain deck of destruction
 Y - a plain deck of summoning
 Z - an ornate deck of destruction
Comestibles
 f - 7 bread rations
 i - 5 meat rations
 q - 29 royal jellies
 S - 38 fruits


   Skills:
 + Level 15.7(14.7) Fighting
 + Level 14.4(13.5) Maces & Flails
 + Level 15.7(14.7) Armour
 + Level 15.7(14.7) Shields
 - Level 10.0(9.1) Invocations


You had 16 spell levels left.
You didn't know any spells.

Dungeon Overview and Level Annotations

Branches:
Dungeon (15/15)            Temple (0/1) D:7            Lair (6/6) D:8
  Swamp (0/4) Lair:3        Snake (4/4) Lair:2        Slime (0/5) Lair:6
    Orc (2/2) D:12            Elf (0/3) Orc:2        Vaults (0/5) D:14
 Depths (0/5) D:15

Altars:
Hepliaklqana
Makhleb
Nemelex Xobeh
Okawaru
Ru
Trog
Xom

Shops:
D:4 }   D:7 (   D:9 (   D:14 !   Orc:2 (*[(   Snake:3 (

Annotations:
D:15 DricusGP's ghost, veteran GrGl
Lair:2 exclusion: oklob plant
Lair:5 exclusion: oklob plant


Innate Abilities, Weirdness & Mutations

You are resistant to torment.
Your stone body is resilient. (AC +12)
You are immune to poison.
Your large and strong wings let you fly indefinitely.
You resist negative energy. (rN+)
You are resistant to electric shocks. (rElec)
You can survive without breathing.
You are immune to petrification.
You are immune to rotting.


Message History

Your enchanted long sword hits the naga!
The naga barely misses you.
The naga hits you from afar with a trident.
* * * LOW HITPOINT WARNING * * *
The guardian serpent hits you but does no damage.
A naga sharpshooter comes into view. It is wielding a scimitar.
It was a potion of cancellation.
Your magical effects are unravelling.
You feel magically purged.
You feel yourself speed up.
You float gracefully downwards.
You feel a little less clever now.
You are no longer corroded.
You block the naga warrior's attack.
* * * LOW HITPOINT WARNING * * *
The naga warrior constricts you.
The guardian serpent weaves intricate patterns with the tip of its tongue.
The naga sharpshooter blinks!
The naga blinks!
You block the naga's attack. x2
The guardian serpent hits you!
You die...
Your body disappears without a glow.

#...... ##
.##.......
...........
#§......
#.......
#......
..########...#
.........NN.#
. #.N@N## ...
#.YhS.###....
##..(........
#...........
#.<.#####...
#...# ..
......#
........#
.........#


You could see a naga warrior, a naga sharpshooter, a guardian serpent, 2 nagas,
a friendly raiju, a friendly ice beast and a friendly enchanted long sword.

Vanquished Creatures
  A nagaraja (Snake:3)
  Louise (Snake:2)
  A dire elephant (Lair:6)
  Erolcha (D:13)
  Harold (Lair:4)
  4 vault guards
  2 hydras
  12 naga warriors
  5 centaur warriors
  4 two-headed ogres
  2 anacondas
  Erica (D:8)
  10 shock serpents
  12 naga sharpshooters
  An unseen horror (D:13)
  3 naga ritualists
  2 salamander mystics
  An orc knight (Orc:2)
  5 mana vipers
  21 ugly things
  A deep elf mage (D:13)
  7 manticores
  2 orc sorcerers (Orc:2)
  12 salamanders
  A cyclops (D:14)
  3 centaur zombies
  2 ice statues (IceCv)
  35 black mambas
  Joseph (D:8)
  5 elephants (Lair:3)
  15 naga magi
  9 spiny frogs
  5 komodo dragons
  5 yaktaurs (D:15)
  4 rime drakes
  2 efreet (D:15)
  2 kobold demonologists
  3 trolls
  2 ice devils (IceCv)
  5 polar bears
  A hornet (D:11)
  A queen bee (Lair:3)
  A harpy skeleton (D:14)
  A slime creature (Lair:4)
  3 raiju (Lair:6)
  7 dream sheep
  3 hippogriffs
  18 blink frogs
  A meliai zombie (D:13)
  Sigmund (D:5)
  2 wraiths
  5 wyverns
  A tarantella (shapeshifter) (D:14)
  A vampire (D:13)
  2 basilisks
  19 yaks
  A yak (shapeshifter) (D:14)
  3 hungry ghosts
  3 wargs
  Menkaure (D:6)
  A soldier ant (D:11)
  41 nagas
  3 porcupines
  10 water moccasins
  8 hell hounds
  26 orc warriors
  7 sky beasts
  2 ice beasts
  7 black bears
  3 phantoms
  17 ogres
  2 eyes of draining (D:13)
  59 wolves
  3 boggarts (D:15)
  19 centaurs
  10 crocodiles
  2 big kobolds
  17 bullfrogs
  A wyvern zombie (D:12)
  2 scorpions (D:6)
  2 troll zombies (D:12)
  25 killer bees
  3 electric eels
  6 howler monkeys
  5 crimson imps
  2 bullfrog zombies
  A gnoll shaman (D:8)
  5 centaur skeletons
  13 jellies
  5 hounds
  A quasit (D:12)
  9 orc priests
  Natasha (thrice) (D:2 D:4)
  4 iguanas
  12 orc wizards
  11 worker ants
  An ogre zombie (D:12)
  4 hound skeletons
  2 worker ant zombies
  13 gnolls
  7 adders
  A howler monkey skeleton (D:9)
  5 shadow imps
  8 white imps (IceCv)
  4 ufetubi (IceCv)
  19 oozes
  An adder skeleton (D:7)
  An adder zombie (D:7)
  4 worms
  3 dart slugs
  5 leopard geckos
  50 orcs
  2 giant cockroaches
  5 goblins (D:2)
  4 hobgoblins
  10 jackals
  A quokka (D:12)
  2 ball pythons
  9 bats
  6 frilled lizards
  2 goblin skeletons (D:12)
  A goblin zombie (D:12)
  A hobgoblin zombie (D:12)
  18 kobolds
  A leopard gecko skeleton (D:5)
  An orc skeleton (D:12)
  7 orc zombies (D:12)
  A quokka zombie (D:7)
  5 rats
  2 fungi
  A plant (Lair:6)
840 creatures vanquished.

Vanquished Creatures (collateral kills)
  Rupert (D:10)
  A fire giant (D:15)
  4 hydras
  A naga warrior (Snake:4)
  A two-headed ogre (D:8)
  The ghost of temujin the Destroyer, a journeyman DEFE of Sif Muna (Lair:2)
  A naga sharpshooter (Snake:3)
  An orc knight (Orc:2)
  A guardian serpent (Snake:3)
  A naga mage (Snake:3)
  A gargoyle (D:15)
  A spiny frog (Lair:2)
  5 polar bears (Lair:6)
  A troll (D:15)
  2 yaks (Lair:2)
  A hungry ghost (D:12)
  2 wargs (Lair:6)
  2 nagas
  6 hell hounds (Lair:6)
  A porcupine (Lair:1)
  A phantom (D:12)
  4 black bears (Lair:6)
  6 orc warriors (Orc:2)
  2 ogres
  11 wolves
  3 centaurs
  A bullfrog (Lair:2)
  3 killer bees
  A hound (Lair:2)
  3 orc priests
  An iguana (D:9)
  An orc wizard (Orc:2)
  5 ogre zombies (D:12)
  3 gnolls (D:2)
  A shadow imp (D:5)
  6 orcs
  A hobgoblin (D:2)
  A frilled lizard (D:2)
  A goblin skeleton (D:12)
  2 goblin zombies (D:12)
  A hobgoblin zombie (D:12)
  3 orc skeletons (D:12)
  6 orc zombies (D:12)
102 creatures vanquished.

Vanquished Creatures (others)
  A reaper (IceCv)
  2 nagas
  2 white imps (IceCv)
  5 ufetubi (IceCv)
  17 fungi
  28 plants
55 creatures vanquished.

Grand Total: 997 creatures vanquished

Notes
Turn   | Place    | Note
-------+----------+-------------------------------------------
     0 | D:1      | FollowTheCloud the Gargoyle Fighter began the quest for the Orb.
     0 | D:1      | Reached XP level 1. HP: 14/14 MP: 1/1
   140 | D:1      | Reached XP level 2. HP: 12/19 MP: 2/2
   340 | D:1      | Found a sparkling altar of Nemelex Xobeh.
   347 | D:1      | Became a worshipper of Nemelex Xobeh the Trickster
   423 | D:1      | Received a gift from Nemelex Xobeh
   578 | D:1      | Reached XP level 3. HP: 21/23 MP: 3/3
  1106 | D:2      | Reached XP level 4. HP: 19/29 MP: 4/4
  1186 | D:2      | Reached * piety under Nemelex Xobeh
  1221 | D:2      | Received a gift from Nemelex Xobeh
  1710 | D:2      | Noticed Natasha
  1717 | D:2      | Killed Natasha
  1717 | D:2      | Reached XP level 5. HP: 33/33 MP: 5/5
  1917 | D:3      | Found a shimmering altar of Xom.
  1919 | D:3      | Found a shimmering altar of Xom.
  1919 | D:3      | Found a shimmering altar of Xom.
  1919 | D:3      | Found a shimmering altar of Xom.
  1920 | D:3      | Found a shimmering altar of Xom.
  2096 | D:3      | Found a burning altar of Makhleb.
  2150 | D:3      | Found a shimmering altar of Xom.
  2152 | D:3      | Found a shimmering altar of Xom.
  2152 | D:3      | Found a shimmering altar of Xom.
  2153 | D:3      | Found a shimmering altar of Xom.
  2395 | D:3      | Received a gift from Nemelex Xobeh
  2510 | D:4      | Found a bloodstained altar of Trog.
  2510 | D:4      | Noticed a phantom
  2515 | D:4      | Noticed Natasha
  2525 | D:4      | Killed Natasha
  2530 | D:4      | Noticed Natasha
  2541 | D:4      | Reached XP level 6. HP: 20/39 MP: 6/6
  2545 | D:4      | Killed Natasha
  2553 | D:4      | Killed a phantom
  2605 | D:4      | Reached ** piety under Nemelex Xobeh
  2759 | D:4      | Found Ukurgh's Gadget Boutique.
  2801 | D:4      | Reached skill level 5 in Fighting
  2801 | D:4      | Reached skill level 5 in Armour
  2801 | D:4      | Reached skill level 5 in Shields
  2801 | D:4      | Reached XP level 7. HP: 16/44 MP: 7/7
  3257 | D:5      | Entered Level 5 of the Dungeon
  3259 | D:5      | Noticed Sigmund
  3271 | D:5      | Killed Sigmund
  3342 | D:5      | Received a gift from Nemelex Xobeh
  3480 | D:5      | Received a gift from Nemelex Xobeh
  3664 | D:5      | Reached *** piety under Nemelex Xobeh
  4025 | D:6      | Reached XP level 8. HP: 50/51 MP: 8/8
  4069 | D:6      | Found a hazy altar of Hepliaklqana.
  4132 | D:6      | Received a gift from Nemelex Xobeh
  4430 | D:6      | Reached skill level 5 in Maces & Flails
  4431 | D:6      | Found an iron altar of Okawaru.
  4555 | D:6      | Noticed Menkaure
  4563 | D:6      | Killed Menkaure
  4776 | D:6      | HP: 1/52 [killer bee (4)]
  4796 | D:6      | HP: 2/52 [insubstantial wisp/static electricity[the player character] (1)]
  5355 | D:7      | Found Jyluqaont's Antique Weapon Shop.
  5424 | D:7      | Reached XP level 9. HP: 29/56 MP: 9/9
  5484 | D:7      | Received a gift from Nemelex Xobeh
  5505 | D:7      | Found a sacrificial altar of Ru.
  5721 | D:7      | Noticed a rust devil
  5754 | D:8      | Noticed a two-headed ogre
  5776 | D:8      | Killed a two-headed ogre
  6151 | D:7      | Received a gift from Nemelex Xobeh
  6194 | D:7      | You fall through a shaft!
  6431 | D:8      | Reached **** piety under Nemelex Xobeh
  6588 | D:7      | Found a staircase to the Ecumenical Temple.
  6808 | D:8      | Received a gift from Nemelex Xobeh
  6818 | D:8      | Found a staircase to the Lair.
  6822 | Lair:1   | Entered Level 1 of the Lair of Beasts
  6862 | Lair:1   | Reached skill level 1 in Invocations
  6864 | Lair:1   | Noticed a five-headed hydra
  6873 | Lair:1   | Killed a five-headed hydra
  6873 | Lair:1   | Reached XP level 10. HP: 27/65 MP: 7/11
  7190 | Lair:1   | Received a gift from Nemelex Xobeh
  7689 | Lair:2   | Noticed a spiny frog
  7704 | Lair:2   | Killed a spiny frog
  7731 | Lair:2   | Found a staircase to the Snake Pit.
  7774 | Lair:2   | Noticed an oklob plant
  7953 | Lair:2   | Noticed a six-headed hydra
  7958 | Lair:2   | Killed a six-headed hydra
  7962 | Lair:2   | Received a gift from Nemelex Xobeh
  8002 | Lair:2   | Reached ***** piety under Nemelex Xobeh
  8029 | Lair:2   | Noticed temujin's ghost (journeyman DEFE)
  8034 | Lair:2   | Noticed a black mamba
  8046 | Lair:2   | Noticed a black mamba
  8049 | Lair:2   | HP: 1/66 [black mamba (7)]
  8379 | Lair:2   | Noticed a spiny frog
  8418 | Lair:2   | Killed a spiny frog
  8683 | Lair:2   | Reached XP level 11. HP: 71/71 MP: 14/14
  8736 | Lair:2   | Got an ebony spear
  8737 | Lair:2   | Identified the +9 spear "Killer Klown's Curse" {venom, Str+3} (You found it on level 2 of the Lair of Beasts)
  9109 | Lair:2   | Killed temujin's ghost
  9109 | Lair:2   | Reached skill level 5 in Invocations
 10012 | Lair:3   | Received a gift from Nemelex Xobeh
 10162 | Lair:3   | Reached skill level 10 in Fighting
 10162 | Lair:3   | Reached skill level 10 in Armour
 10187 | Lair:3   | Reached skill level 10 in Shields
 10550 | Lair:3   | Found a staircase to the Swamp.
 11217 | Lair:3   | Reached XP level 12. HP: 71/78 MP: 16/16
 11522 | Lair:4   | Noticed Harold
 11568 | Lair:4   | Killed Harold
 12053 | Lair:4   | Received a gift from Nemelex Xobeh
 12123 | Lair:4   | Found a frozen archway.
 12145 | IceCv    | Entered an ice cave
 12314 | IceCv    | Killed a reaper
 13398 | IceCv    | Got a pair of jewelled gloves
 13407 | IceCv    | Identified the +1 pair of gloves "Saalediy" {rF++ Dex+4} (You found it in an ice cave)
 14731 | Lair:4   | Received a gift from Nemelex Xobeh
 14964 | Lair:4   | Reached skill level 10 in Maces & Flails
 16086 | Lair:5   | Received a gift from Nemelex Xobeh
 16145 | Lair:5   | Reached XP level 13. HP: 72/84 MP: 19/19
 16159 | Lair:5   | You fall through a shaft!
 16159 | Lair:6   | Entered Level 6 of the Lair of Beasts
 16996 | Lair:5   | Received a gift from Nemelex Xobeh
 17639 | Lair:6   | Found a staircase to the Slime Pits.
 18139 | Lair:6   | Received a gift from Nemelex Xobeh
 18404 | Lair:6   | Noticed a dire elephant
 18951 | Lair:6   | Killed a dire elephant
 20192 | D:8      | Noticed Erica
 20207 | D:8      | Killed Erica
 20238 | D:8      | Noticed Joseph
 20240 | D:8      | Gained mutation: Your large and strong wings let you fly indefinitely. [Gargoyle growth]
 20240 | D:8      | Reached XP level 14. HP: 61/92 MP: 21/21
 20258 | D:8      | Killed Joseph
 20566 | D:9      | Received a gift from Nemelex Xobeh
 20627 | D:9      | Found Roligh's Weapon Shoppe.
 21230 | D:10     | Entered Level 10 of the Dungeon
 21395 | D:10     | Got a brightly glowing golden ring
 21398 | D:10     | Identified the ring of the Ego {rPois Int+2 Dex+2} (You found it on level 10 of the Dungeon)
 21487 | D:10     | Identified the Papyrus of the Creative Rocks
 21583 | D:10     | Received a gift from Nemelex Xobeh
 21670 | D:10     | Reached skill level 10 in Invocations
 22235 | D:11     | Received a gift from Nemelex Xobeh
 22658 | D:12     | Found a staircase to the Orcish Mines.
 22876 | D:12     | Received a gift from Nemelex Xobeh
 24161 | Orc:1    | Entered Level 1 of the Orcish Mines
 24796 | Orc:1    | Received a gift from Nemelex Xobeh
 24836 | Orc:2    | Entered Level 2 of the Orcish Mines
 24993 | Orc:2    | Received a gift from Nemelex Xobeh
 25120 | Orc:2    | Found a staircase to the Elven Halls.
 25976 | Orc:2    | Received a gift from Nemelex Xobeh
 26636 | Orc:2    | Found Dothoz's Assorted Antiques.
 26636 | Orc:2    | Found Ejim's Antique Armour Shoppe.
 26638 | Orc:2    | Found Irregite's Antique Weapon Emporium.
 26640 | Orc:2    | Found Fodah's Weapon Boutique.
 26657 | Orc:2    | Bought a runed plate armour for 780 gold pieces
 27048 | D:13     | Noticed Rupert
 27296 | D:10     | Paralysed by Rupert for 6 turns
 27298 | D:10     | Killed Rupert
 27405 | D:13     | Noticed Erolcha
 27408 | D:13     | Paralysed by Erolcha for 7 turns
 27422 | D:13     | Killed Erolcha
 27686 | D:13     | Received a gift from Nemelex Xobeh
 28205 | D:13     | Received a gift from Nemelex Xobeh
 28564 | D:14     | Reached XP level 15. HP: 86/99 MP: 22/22
 28638 | D:14     | Found a gate to the Vaults.
 28693 | D:14     | Received a gift from Nemelex Xobeh
 28758 | D:14     | Found Linefoal's Distillery.
 29032 | D:14     | Received a gift from Nemelex Xobeh
 29229 | D:15     | Entered Level 15 of the Dungeon
 29950 | D:15     | Found a staircase to the Depths.
 29951 | D:15     | Noticed a fire giant
 29970 | D:15     | Killed a fire giant
 29984 | D:15     | Noticed DricusGP's ghost (veteran GrGl)
 30692 | Snake:1  | Entered Level 1 of the Snake Pit
 31412 | Snake:1  | Received a gift from Nemelex Xobeh
 31534 | Snake:1  | Reached XP level 16. HP: 71/107 MP: 23/23
 32461 | Snake:2  | Noticed Louise
 32513 | Snake:2  | Killed Louise
 32673 | Snake:2  | Received a gift from Nemelex Xobeh
 32988 | Snake:2  | Reached skill level 15 in Armour
 33019 | Snake:2  | Got a pitted ring mail
 33026 | Snake:2  | Reached skill level 15 in Fighting
 33039 | Snake:2  | Identified the +6 ring mail of Indecent Exposure {*Corrode rElec Regen+} (You found it on level 2 of the Snake Pit)
 33222 | Snake:3  | Reached skill level 15 in Shields
 34273 | Snake:3  | Got a bloodstained mace {elec}
 34279 | Snake:3  | Identified the cursed +1 mace of Valour {elec, +Blink MR+ Int+3 Stlth+} (You took it off a naga sharpshooter on level 3 of the Snake Pit)
 34668 | Snake:3  | Received a gift from Nemelex Xobeh
 34687 | Snake:3  | Reached XP level 17. HP: 52/113 MP: 24/24
 35049 | Snake:3  | Found Arghalar's Weapon Emporium.
 35255 | Snake:4  | Entered Level 4 of the Snake Pit
 35496 | Snake:3  | Upgraded the game from 0.21-a0-364-gbd1fde4 to 0.21-a0-368-g45f8505
 35561 | Snake:4  | Mangled by a guardian serpent

Vault maps used:
D:1:      dpeg_arrival_signposts, nemelex_diamond_rough_becter
D:2:      first_bread, uniq_natasha
D:3:      makhleb_blood_cavern_becter, xom_redecorated
D:4:      serial_shops, shop, bloody_trog
D:5:      hangedman_decor_peaks_small, uniq_sigmund
D:6:      okawaru_metal_pillars_3, overflow_temple_1_default, uniq_menkaure
D:7:      hangedman_cross_stitches, lemuel_doored_altar,
          minmay_temple_entry_overgrown, serial_shops, kennysheep_mini_moat
D:8:      lair_entry_dummy, grunt_ministairs_15, uniq_erica, uniq_joseph
D:9:      serial_shops, nicolae_shop_temple_entry_statues_fountains
D:12:     zombieorc2_lemuel
D:13:     uniq_erolcha, uniq_rupert
D:14:     lightli_vaults_fourway_checkpoint, serial_shops,
          nicolae_shop_waterfront, grunt_decor_one_mirror
D:15:     grunt_enter_depths_giant_problem, hangedman_abyss_or_decor_stabs
Lair:1:   lab_entry_generic, lemuel_fruit_fields, serial_bayou_shore_b
Lair:2:   beast_lair_carwin_large_4, dummy_snake_entry, st_stairs_12,
          cheibrodos_lair_reptile_den, serial_bayou_shore_a
Lair:3:   minmay_swamp_entry_eels, special_room
Lair:4:   lemuel_slime, portal_ice_cave_entry_pillars_1, minivault_11,
          grunt_forest_large_clearings, uniq_harold
Lair:5:   minmay_lair_oklob_chamber, serial_bayou_shore_b
Lair:6:   hangedman_lair_caniforms_friends, slime_dummy, grunt_megastairs_1,
          infiniplex_staircase_pool_2
Snake:2:  grunt_megastairs_4, uniq_louise
Snake:3:  serial_shops, shop, st_stairs_3, grunt_megastairs_2
Snake:4:  snake_pit
Orc:2:    st_orc_rangers
IceCv:    ice_cave_small_demon

Skill      XL: |  1  2  3  4  5  6  7  8  9 10 11 12 13 14 15 16 |
---------------+-------------------------------------------------+-----
Shields        | 4 5 6 8 9 10 11 12 13 14 15 | 15.7
Fighting       | 4 5 6 8 9 10 11 12 13 14 15 | 15.7
Armour         | 4 5 6 8 9 10 11 12 13 14 15 | 15.7
Maces & Flails | 3 4 5 7 8 9 10 11 12 13 14 | 14.4
Invocations    | 2 4 6 8 9 10 | 10.0

Action                   |  1- 3 |  4- 6 |  7- 9 | 10-12 | 13-15 | 16-18 || total
-------------------------+-------+-------+-------+-------+-------+-------++-------
Melee: Flail             |   132 |   154 |   357 |   723 |       |       ||  1366
       Morningstar       |       |       |       |   283 |  1788 |   638 ||  2709
       Mace              |       |       |       |       |       |    37 ||    37
Invok: Triple Draw       |       |       |     1 |       |       |       ||     1
       Deal Four         |       |       |       |       |     6 |     3 ||     9
Evoke: Deck              |       |     2 |    16 |    22 |    27 |     1 ||    68
       Wand              |       |       |       |     8 |     3 |     2 ||    13
  Use: Potion            |       |     1 |     1 |     8 |     2 |     4 ||    16
       Scroll            |       |       |     6 |     6 |    15 |     9 ||    36
 Stab: Confused          |       |       |       |     1 |       |       ||     1
       Petrified         |       |       |       |     1 |       |       ||     1
       Distracted        |       |       |       |       |     2 |       ||     2
  Eat: Chunk             |     1 |     5 |    10 |    21 |    72 |    14 ||   123
       Bread ration      |       |       |     1 |     1 |       |       ||     2
       Meat ration       |       |       |       |     1 |       |       ||     1
Armor: Scale mail        |    72 |   104 |   218 |   150 |       |       ||   544
       Chain mail        |       |       |       |   551 |   853 |       ||  1404
       Plate armour      |       |       |       |       |   365 |    83 ||   448
       Ring mail         |       |       |       |       |       |   201 ||   201
Dodge: Dodged            |    45 |    41 |   137 |   413 |   612 |   135 ||  1383
       Deflected         |       |       |       |    10 |    54 |    34 ||    98
Block: Shield            |    76 |   107 |   231 |   856 |  1560 |       ||  2830
       Large shield      |       |       |       |       |   181 |   952 ||  1133

Table legend:
 A = Spawn XP
 B = Non-spawn XP
 C = Spawn XP percentage of total XP
 D = Spawn monster count
 E = Non-spawn monster count
 F = Spawn count percentage of total count
 G = Total turns spent on level
                    A         B        C        D         E        F      G
               +---------+---------+-------+---------+---------+-------+---------
         Total |       0 |  191993 |   0.0 |       0 |     940 |   0.0 | 35561
               +---------+---------+-------+---------+---------+-------+---------
           D:1 |       0 |      49 |   0.0 |       0 |      21 |   0.0 |   921
           D:2 |       0 |     144 |   0.0 |       0 |      33 |   0.0 |   908
           D:3 |       0 |      57 |   0.0 |       0 |       6 |   0.0 |   681
           D:4 |       0 |     370 |   0.0 |       0 |      10 |   0.0 |   747
           D:5 |       0 |     523 |   0.0 |       0 |      12 |   0.0 |   677
           D:6 |       0 |    1043 |   0.0 |       0 |      20 |   0.0 |  1530
           D:7 |       0 |    1381 |   0.0 |       0 |      38 |   0.0 |   925
           D:8 |       0 |    2645 |   0.0 |       0 |      23 |   0.0 |   902
           D:9 |       0 |     904 |   0.0 |       0 |      18 |   0.0 |   856
          D:10 |       0 |    3706 |   0.0 |       0 |      23 |   0.0 |   963
          D:11 |       0 |    3310 |   0.0 |       0 |      29 |   0.0 |   665
          D:12 |       0 |    5946 |   0.0 |       0 |      79 |   0.0 |  1799
          D:13 |       0 |   10156 |   0.0 |       0 |      37 |   0.0 |  1245
          D:14 |       0 |    8770 |   0.0 |       0 |      23 |   0.0 |  1090
          D:15 |       0 |   19287 |   0.0 |       0 |      47 |   0.0 |   892
        Lair:1 |       0 |    1723 |   0.0 |       0 |      11 |   0.0 |  1030
        Lair:2 |       0 |    7675 |   0.0 |       0 |      38 |   0.0 |  2382
        Lair:3 |       0 |    7549 |   0.0 |       0 |      42 |   0.0 |  2342
        Lair:4 |       0 |   10241 |   0.0 |       0 |      79 |   0.0 |  2722
        Lair:5 |       0 |    6670 |   0.0 |       0 |      27 |   0.0 |  1500
        Lair:6 |       0 |   13850 |   0.0 |       0 |      71 |   0.0 |  1895
       Snake:1 |       0 |   19631 |   0.0 |       0 |      41 |   0.0 |  1201
       Snake:2 |       0 |   18895 |   0.0 |       0 |      33 |   0.0 |  1681
       Snake:3 |       0 |   33113 |   0.0 |       0 |      70 |   0.0 |  1648
       Snake:4 |       0 |    3528 |   0.0 |       0 |       9 |   0.0 |   113
         Orc:1 |       0 |    1222 |   0.0 |       0 |      22 |   0.0 |   677
         Orc:2 |       0 |    7966 |   0.0 |       0 |      62 |   0.0 |  2010
         IceCv |       0 |    1639 |   0.0 |       0 |      16 |   0.0 |  1559
               +---------+---------+-------+---------+---------+-------+---------
